 Dungeon Crawl Stone Soup version 0.21.1-1-g345015f (webtiles) character file.

343 Fang the Chopper (level 6, -5/58 HPs)
             Began as a Gargoyle Berserker on May 16, 2018.
             Was a Believer of Trog.
             Slain by a two-headed ogre
             ... wielding a +0 giant club
              (11 damage)
             ... on level 5 of the Dungeon.
             The game lasted 00:06:27 (5053 turns).

Fang the Chopper (Gargoyle Berserker)               Turns: 5053, Time: 00:06:28

Health: -5/58      AC:  8    Str: 34    XL:     6   Next: 57%
Magic:  6/6        EV: 12    Int:  7    God:    Trog [**....]
Gold:   288        SH:  0    Dex:  9    Spells: 5/5 levels left

rFire    x . .     SeeInvis .   a - +2 hand axe
rCold    + . .     Gourm    .   (no shield)
rNeg     + . .     Faith    +   b - +2 animal skin
rPois    ∞         Spirit   .   (no helmet)
rElec    +         Reflect  .   (no cloak)
rCorr    .         Harm     .   (no gloves)
MR       .....                  (no boots)
Stlth    ..........             d - amulet of faith
HPRegen  0.19/turn              k - ring of ice
MPRegen  0.10/turn              e - +6 ring of strength

@: berserking, very quick
A: negative energy resistance 1, electricity resistance, unbreathing,
petrification resistance, rot immunity, AC +4
a: Berserk, Trog's Hand, Burn Spellbooks, Renounce Religion


You were on level 5 of the Dungeon.
You worshipped Trog.
Trog was pleased with you.
You were very hungry.

You visited 1 branch of the dungeon, and saw 5 of its levels.

You collected 288 gold pieces.

Inventory:

Hand Weapons
 a - a +2 hand axe (weapon)
Armour
 b - a +2 animal skin (worn)
Jewellery
 d - an amulet of faith (around neck)
 e - a +6 ring of strength (right hand)
 j - an uncursed ring of positive energy
 k - a ring of ice (left hand)
 o - a +1 ring of evasion {unknown}
 q - a +3 amulet of reflection
Wands
 r - a wand of paralysis (13)
Scrolls
 i - 5 scrolls of remove curse
 s - a scroll of enchant armour
Potions
 f - 2 potions of heal wounds
 g - 4 potions of curing
 h - 2 potions of might
 l - a potion of mutation {unknown}
 m - a potion of magic {unknown}
 n - a potion of agility
 p - a potion of berserk rage {unknown}
 t - a potion of haste {unknown}
Comestibles
 c - 16 rations


   Skills:
 + Level 4.5 Fighting
 + Level 5.0 Axes
 + Level 2.2 Armour
 + Level 2.6 Dodging
 + Level 2.1 Stealth


You had 5 spell levels left.
You didn't know any spells.

Dungeon Overview and Level Annotations

Branches:
Dungeon (5/15)             Temple (0/1) D:4

Altars:
Sif Muna


Innate Abilities, Weirdness & Mutations

You are resistant to torment.
Your stone body is resilient. (AC +4)
You are immune to poison.
You resist negative energy. (rN+)
You are resistant to electric shocks. (rElec)
You can survive without breathing.
You are immune to petrification.
You are immune to rotting.


Message History

You hit the two-headed ogre.
The two-headed ogre is lightly wounded.
The two-headed ogre hits you with a giant club!
The two-headed ogre hits you with a giant spiked club!
A red film seems to cover your vision as you go berserk!
You feel yourself moving faster!
You feel mighty!
You are feeling very hungry.
You are too injured to fight recklessly!
You are too injured to fight recklessly!
You are too injured to fight recklessly!
You are too injured to fight recklessly!
You are too injured to fight recklessly!
You are too injured to fight recklessly!
You are too injured to fight recklessly!
You slash the two-headed ogre!
The two-headed ogre is moderately wounded.
The two-headed ogre hits you with a giant club!
* * * LOW HITPOINT WARNING * * *
The two-headed ogre hits you with a giant spiked club!
You die...

#.###########.#
#.##.#...#.....#.#
#.##.#.###.###>#.#
#.##.#............
#.##.######.##.#..
#.##..............
#.#########.######
#O# #.#..... #@#
#.#.#### #.#
#.#.#... #.#
#.#.#.## #.#
#.#.#.##
#.#########.#.#...
#...........#.####
#############.#
#.# #.#


You could see a two-headed ogre.

Vanquished Creatures
  An ogre (D:4)
  A hound (D:5)
  A bullfrog skeleton (D:5)
  2 worker ants
  4 adders
  A shadow imp (D:5)
  3 worms
  4 dart slugs
  6 leopard geckos
  8 orcs
  4 giant cockroaches
  5 goblins
  10 hobgoblins
  6 jackals
  5 kobolds
  2 quokkas (D:3)
  2 ball pythons (D:5)
  5 bats
  6 frilled lizards
  8 rats
84 creatures vanquished.

Notes
Turn   | Place    | Note
-------+----------+-------------------------------------------
     0 | D:1      | Fang the Gargoyle Berserker began the quest for the Orb.
     0 | D:1      | Reached XP level 1. HP: 14/14 MP: 1/1
   450 | D:1      | Reached XP level 2. HP: 11/19 MP: 2/2
   453 | D:1      | Reached skill level 3 in Axes
  1206 | D:2      | Reached ** piety under Trog
  1216 | D:2      | Reached XP level 3. HP: 24/24 MP: 3/3
  1995 | D:2      | Reached XP level 4. HP: 16/29 MP: 4/4
  2161 | D:2      | Found a deep blue altar of Sif Muna.
  2486 | D:3      | Reached skill level 4 in Axes
  2552 | D:3      | Reached XP level 5. HP: 23/33 MP: 5/5
  2702 | D:3      | Reached *** piety under Trog
  3363 | D:4      | Reached skill level 1 in Stealth
  3459 | D:4      | Found a staircase to the Ecumenical Temple.
  3567 | D:4      | Noticed an ogre
  3576 | D:4      | Killed an ogre
  3576 | D:4      | Reached XP level 6. HP: 9/39 MP: 6/6
  4086 | D:5      | Entered Level 5 of the Dungeon
  4191 | D:5      | Reached skill level 5 in Axes
  5046 | D:5      | Noticed a two-headed ogre
  5053 | D:5      | Slain by a two-headed ogre

Skill      XL: |  1  2  3  4  5  6 |
---------------+-------------------+-----
Axes           | 3 4 5 |  5.0
Dodging        | 2 |  2.6
Fighting       | 4 |  4.5
Stealth        | 1 2 |  2.1
Armour         | |  2.2

Action                   |  1- 3 |  4- 6 || total
-------------------------+-------+-------++-------
Melee: Hand axe          |   114 |   145 ||   259
Invok: Berserk           |     2 |     2 ||     4
  Use: Scroll            |       |    14 ||    14
 Stab: Sleeping          |       |     4 ||     4
  Eat: Chunk             |     1 |    11 ||    12
       Ration            |     1 |       ||     1
Armor: Animal skin       |    32 |    35 ||    67
Dodge: Dodged            |    68 |    85 ||   153
